 Dungeon Crawl Stone Soup version 0.30-a0-165-g1891117ce2 (webtiles) character file.

Game seed: 13810242713691422976

99 Pooter the Chopper (level 4, -2/41 HPs)
             Began as a Minotaur Monk on Sept 29, 2022.
             Slain by Grinder (10 damage)
             ... while paralysed by Grinder
             ... on level 3 of the Dungeon.
             The game lasted 00:06:59 (2465 turns).

Pooter the Chopper (Minotaur Monk)                  Turns: 2465, Time: 00:07:01

Health: -2/41      AC:  6    Str: 15    XL:     4   Next: 45%
Magic:  3/3        EV:  2    Int:  7    God:
Gold:   132        SH:  0    Dex: 12    Spells: 3/3 levels left

rFire   . . .      SeeInvis .    a - +0 hand axe
rCold   + . .      Faith    .    (no shield)
rNeg    . . .      Spirit   .    k - +1 ring mail of Indecent Exposure {Harm Will++ Str-3 Stlth+}
rPois   +          Reflect  .    (helmet restricted)
rElec   .          Harm     +    (no cloak)
rCorr   .          Rampage  .    (no gloves)
Will    ++...                    (no boots)
Stlth   ++........               (no amulet)
HPRegen 0.13/turn                I - ring of protection from cold
MPRegen 0.08/turn                P - ring of poison resistance

@: paralysed
A: horns 2, retaliatory headbutt
a: no special abilities


You were on level 3 of the Dungeon.
You visited 1 branch of the dungeon, and saw 3 of its levels.

You collected 132 gold pieces.

Inventory:

Hand Weapons
 a - a +0 hand axe (weapon)
Missiles
 Q - 22 stones (quivered)
Armour
 h - a +0 scale mail
   (You found it on level 2 of the Dungeon)
 k - the +1 ring mail of Indecent Exposure (worn) {Harm Will++ Str-3 Stlth+}
   (You took it off a kobold on level 2 of the Dungeon)

   Str:       It affects your strength (-3).
   Harm:      It increases damage dealt and taken.
   Will:      It greatly increases your willpower.
   Stlth:     It makes you more stealthy.
Jewellery
 f - an amulet of faith {!P}
   (You found it on level 1 of the Dungeon)
 I - a ring of protection from cold (left hand)
   (You found it on level 1 of the Dungeon)
 P - a ring of poison resistance (right hand)
   (You found it on level 3 of the Dungeon)
Wands
 D - a wand of digging (2)
   (You found it on level 3 of the Dungeon)
Scrolls
 b - a scroll of torment {!r}
 e - a scroll of enchant armour {unknown}
 g - a scroll of brand weapon {unknown}
 i - a scroll of fog {unknown}
 j - a scroll of vulnerability {!r}
 m - a scroll of immolation {!r}
 r - a scroll of enchant weapon {unknown}
Potions
 c - a potion of ambrosia
 d - 2 potions of curing {unknown}
 l - a potion of magic {unknown}
 n - a potion of might {unknown}
 o - a potion of degeneration {unknown}
 p - a potion of attraction {unknown}
 q - a potion of mutation {unknown}


   Skills:
 + Level 4.7 Fighting
 * Level 5.6 Axes
 - Level 3.2 Dodging
 - Level 1.5 Stealth


You had 3 spell levels left.
You didn't know any spells.
Your spell library contained the following spells:

 Spells                   Type           Power      Damage    Failure   Level
 Cigotuvi's Dreadful Rot  Necr/Pois/Air  0%         N/A       80%         2
 Poisonous Vapours        Pois/Air       0%         N/A       80%         2


Dungeon Overview and Level Annotations

Branches:
Dungeon (3/15)

Altars:

Annotations:
D:3 Grinder


Innate Abilities, Weirdness & Mutations

You have a pair of horns on your head.
You reflexively headbutt those who attack you in melee.


Message History

You suddenly lose the ability to move!
Grinder hits you but does no damage. Grinder hits you.
Grinder blinks!
You can move again.
Grinder gestures at you. You resist with almost no effort.
Grinder gestures at you. You resist with almost no effort.
Grinder says, "Don't move a muscle."
Grinder gestures at you. You resist with almost no effort.
Grinder gestures at you. You resist with almost no effort.
You hit Grinder. Your headbutt misses Grinder.
Grinder blinks!
Grinder gestures at you. You resist with almost no effort. Grinder hits you.
You barely miss Grinder. Grinder barely misses you.
You hit Grinder. Your headbutt misses Grinder.
Grinder hits you but does no damage.
You hit Grinder but do no damage. Grinder gestures at you.
You suddenly lose the ability to move!
Grinder hits you.
You writhe in agony.
Grinder barely misses you.
You can move again.
You hit Grinder. Grinder barely misses you. You furiously retaliate!
You headbutt Grinder. You hit Grinder. Your headbutt misses Grinder.
Grinder hits you but does no damage.
You hit Grinder. Grinder misses you.
You barely miss Grinder. You headbutt Grinder. Grinder gestures at you.
You resist with almost no effort.
You hit Grinder. Grinder barely misses you.
You closely miss Grinder. Grinder hits you.
You writhe in agony.
You hit Grinder. Grinder hits you but does no damage.
You closely miss Grinder.
Grinder blinks!
Grinder says, "Tell me all your secrets, or I'll kill you."
You hit Grinder.
Grinder blinks!
Grinder gestures at you.
You suddenly lose the ability to move!
Grinder hits you!
You writhe in agony.
* * * LOW HITPOINT WARNING * * *
Grinder gestures at you. Pain shoots through your body!
* * * LOW HITPOINT WARNING * * *
Grinder hits you!
You die...

#.........##########.#'
#...............####.#.
#....................#.
#....................#.
########'#.÷.........##
#.######'#...... #.# #.#..[.##
...###############.#### #.######
..........).....@5....# #...#####
...##.############.##.#####.#....
... ..........#.##..####......
..#.. .............÷............
.. ##. ..........#.###..#####.##.
. #. ..........#.####...# #.##.
#. ##......##...####.###.##. #.
#......####.# #..##.##.
#......##...#####.##.##.


You could see Grinder.

Vanquished Creatures
  An iguana (D:3)
  An adder (D:2)
  A worm (D:2)
  4 dart slugs
  3 ball pythons
  6 bats
  4 endoplasms (D:1)
  2 giant cockroaches (D:2)
  2 goblins (D:1)
  4 hobgoblins
  4 jackals (D:1)
  3 quokkas
  3 frilled lizards (D:2)
  4 kobolds
  6 rats
48 creatures vanquished.

Notes
Turn   | Place    | Note
-------+----------+-------------------------------------------
     0 | D:1      | Pooter the Minotaur Monk began the quest for the Orb.
     0 | D:1      | Reached XP level 1. HP: 19/19 MP: 0/0
   137 | D:1      | Reached skill level 4 in Axes
   209 | D:1      | Reached XP level 2. HP: 24/27 MP: 1/1
   706 | D:1      | Reached XP level 3. HP: 23/33 MP: 2/2
  1289 | D:2      | Reached skill level 5 in Axes
  1296 | D:2      | Identified the +1 ring mail of Indecent Exposure {Harm
                  | Will++ Str-3 Stlth+}
  1327 | D:2      | Found a faded altar of an unknown god.
  1747 | D:3      | Reached XP level 4. HP: 38/41 MP: 3/3
  2413 | D:3      | Noticed Grinder
  2432 | D:3      | Paralysed by Grinder for 4 turns
  2447 | D:3      | Paralysed by Grinder for 3 turns
  2461 | D:3      | Paralysed by Grinder for 5 turns
  2465 | D:3      | Slain by Grinder

Illustrated notes

Levels and vault maps discovered:
D:1:      ncdulo_watergridlock, layout_loops_ring, nrook_campfire,
          minmay_distorted
D:2:      layout_loops_ring, hellmonk_ecumenical_altar_blasted
D:3:      layout_basic, uniq_grinder

Skill      XL: |  1  2  3 |
---------------+----------+-----
Axes           | 4 5 |  5.6
Fighting       | 4 |  4.7
Dodging        | |  3.2
Stealth        | |  1.5

Action                   |  1- 3 |  4- 6 || total
-------------------------+-------+-------++-------
Melee: Hand axe          |   107 |    29 ||   136
       Headbutt          |    13 |     6 ||    19
       Punch             |     1 |     1 ||     2
  Use: Scroll            |       |     2 ||     2
 Stab: Sleeping          |     5 |     1 ||     6
Armor: Robe              |    10 |       ||    10
       Scale mail        |    10 |       ||    10
       Ring mail         |     7 |     7 ||    14
Dodge: Dodged            |    62 |    15 ||    77

Table legend: (Time is in decaauts)
 A = Elapsed time spent in this place.
 B = Non-inter-level travel time spent in this place.
 C = Inter-level travel time spent in this place.
 D = Time resting spent in this place.
 E = Time spent auto-exploring this place.
 F = Levels seen in this place.
 G = Mean time per level.
                   A        B        C        D        E       F      G
               +--------+--------+--------+--------+--------+-----+--------+
         Total |   2471 |   2437 |     34 |    161 |   1858 |   3 |  823.7 |
       Dungeon |   2471 |   2437 |     34 |    161 |   1858 |   3 |  823.7 |
               +--------+--------+--------+--------+--------+-----+--------+

Top non-repeatable levels by time:
     D:1: 1020 daAuts
     D:3: 736 daAuts
     D:2: 714 daAuts
